 Dungeon Crawl Stone Soup version 0.31.0-10-gcf4a605ca0 (webtiles) character file.

Game seed: 2909093045281436749

2443 Khashishi the Caller (level 9, -2/71 HPs)
             Began as a Ghoul Summoner on Jan 25, 2024.
             Was a Believer of Fedhas.
             Slain by a vampire mosquito (7 damage)
             ... on level 8 of the Dungeon.
             The game lasted 00:50:16 (4675 turns).

Khashishi the Caller (Ghoul Summoner)               Turns: 4675, Time: 00:50:17

Health: -2/71      AC:  6    Str: 12    XL:     9   Next: 49%
Magic:  6/13       EV: 12    Int: 18    God:    Fedhas [**....]
Gold:   458        SH:  4    Dex: 15    Spells: 8/14 levels left

rFire   . . .        e - +4 short sword (elec)
rCold   + . .        u - +0 buckler
rNeg    + + +        A - +0 leather armour {Will+}
rPois   ∞            (no helmet)
rElec   .            m - +0 cloak
rCorr   .            x - +0 pair of gloves
SInv    .            n - +0 pair of boots
Will    ++...        y - amulet of the acrobat
Stlth   ++           c - +6 ring of dexterity
HPRegen 0.00/turn    v - ring of willpower
MPRegen 0.13/turn

%: acrobat
@: mighty, inhibited regen, inugami summoned
A: claws 1, cold resistance 1, negative energy resistance 3, inhibited
regeneration, torment resistance 2, devour on kill
a: Renounce Religion, Wall of Briars


You were on level 8 of the Dungeon.
You worshipped Fedhas.
Fedhas was pleased with you.
You visited 2 branches of the dungeon, and saw 9 of its levels.

You collected 458 gold pieces.

Inventory:

Hand Weapons
 e - a +4 short sword of electrocution (weapon)
Missiles
 l - 10 poisoned darts
Armour
 m - a +0 cloak (worn)
 n - a +0 pair of boots (worn)
 u - a +0 buckler (worn)
 x - a +0 pair of gloves (worn)
 A - a +0 leather armour of willpower (worn)
Jewellery
 c - a +6 ring of dexterity (left hand)
 v - a ring of willpower (right hand)
 y - an amulet of the acrobat (around neck)
Wands
 j - a wand of flame (18)
 w - a wand of iceblast (8)
 B - a wand of mindburst (13)
 C - a wand of polymorph (11)
Scrolls
 a - a scroll of blinking {unknown}
 d - a scroll of enchant armour {unknown}
 k - 2 scrolls of identify {unknown}
 o - a scroll of poison {unknown}
 p - a scroll of noise {unknown}
 q - 2 scrolls of revelation {unknown}
 r - a scroll of teleportation {unknown}
 s - a scroll of torment {unknown}
 t - 2 scrolls of fear
 D - a scroll of acquirement {unknown}
Potions
 b - 3 potions of magic
 f - 4 potions of might
 g - a potion of ambrosia {unknown}
 h - 2 potions of brilliance {unknown}
 i - a potion of attraction {unknown}
 z - a potion of resistance {unknown}


   Skills:
 - Level 4.0 Fighting
 + Level 2.4 Short Blades
 + Level 2.3 Armour
 + Level 4.1 Dodging
 + Level 3.5 Stealth
 - Level 3.0 Spellcasting
 + Level 7.8 Summonings
 + Level 3.6 Invocations
 - Level 4.0 Evocations


You had 8 spell levels left.
You knew the following spells:

 Your Spells              Type           Power      Damage    Failure   Level
a - Summon Small Mammal   Summ           100%       N/A       1%          1
b - Call Imp              Summ           60%        N/A       1%          2
c - Call Canine Familiar  Summ           30%        N/A       3%          3

Your spell library contained the following spells:

 Spells                   Type           Power      Damage    Failure   Level
 Summon Blazeheart Golem  Fire/Summ      16%        N/A       52%         4
 Summon Lightning Spire   Summ/Air       16%        N/A       52%         4
 Fugue of the Fallen      Necr           2%         N/A       65%         3
 Ozocubu's Armour         Ice            2%         N/A       65%         3
 Tukima's Dance           Hex            2%         N/A       65%         3
 Manifold Assault         Tloc           2%         N/A       96%         4
 Passage of Golubria      Tloc           2%         N/A       96%         4
 Yara's Violent Unravell  Hex/Alch       1%         3d3       100%        5
 Chain Lightning          Conj/Air       1%         3d1       100%        9
 Fire Storm               Conj/Fire      1%         7d1       100%        9
 Shatter                  Erth           1%         3d5*      100%        9


Dungeon Overview and Level Annotations

Branches:
Dungeon (8/15)             Temple (1/1) D:4
   Lair: D:8-11

Altars:
Ashenzari
Cheibriados
Dithmenos
Fedhas
Gozag
Hepliaklqana
Kikubaaqudgha
Makhleb
Nemelex Xobeh
Okawaru
Qazlal
Ru
Sif Muna
Trog
Uskayaw
Vehumet
Wu Jian
Xom
Yredelemnul

Shops:
D:1 =

Annotations:
D:6 Maggie


Innate Abilities, Weirdness & Mutations

You are immune to poison.
You have sharp fingernails.
Your flesh is cold resistant. (rC+)
You are immune to negative energy. (rN+++)
You do not regenerate when monsters are visible.
You are immune to unholy pain and torment.
You thrive by killing the living.


Message History

The iceblast engulfs the howler monkey!!
You kill the howler monkey!
Fedhas appreciates your contribution to the ecosystem.
An orc comes into view. It is wielding a +0 falchion.
Training target 3.0 for Spellcasting reached!
Your Spellcasting skill increases to level 3!
You swap places.
The vampire mosquito barely misses your cerulean imp.
Your cerulean imp barely misses the vampire mosquito.
Something closely misses your cerulean imp.
Something bites your cerulean imp but does no damage.
There is an open door, spattered with blood here.
Items here: ( )) [[.
Something bites your cerulean imp.
Things that are here:
a +0 scimitar; a +0 chain mail Something bites your inugami.
Something closely misses your inugami.
You hear the faint creaking of a very distant portcullis.
The vampire mosquito misses your inugami.
Your inugami misses the vampire mosquito.
Your cerulean imp misses the vampire mosquito.
Casting: Call Canine Familiar (dangerous; 3% risk of failure)
Confirm with . or Enter, or press ? or * to list all spells.
Your familiar is too far away to imbue with magic.
Your cerulean imp disappears in a puff of smoke!
Your inugami closely misses the vampire mosquito.
Casting: Call Canine Familiar (dangerous; 3% risk of failure)
Confirm with . or Enter, or press ? or * to list all spells.
You imbue your familiar with magical energy and its fangs glint viciously.
The kobold brigand throws a poisoned dart.
The poisoned dart hits your inugami!
Your inugami is poisoned.
Okay, then.
Unknown command.
It was a potion of might.
You feel very mighty all of a sudden.
You block the vampire mosquito's attack.
The vampire mosquito bites you!
You die...
Fedhas appreciates your contribution to the ecosystem.

#.. .) #).# #.# . #).# #.#
# o #).## ..# '#z ##...#
..## #K#####....######
...#####y#.............###
......##.##).....)........
.<....#..z).#....)).......
......##.##K.h.y@........(
#......###........###.....
#.................# .....
#........#'######## ###
#........#.# #......###.#
#..........# #.##########
#.


You could see a vampire mosquito (ally target), a kobold brigand, a wight and a
friendly inugami (summoned, very poisoned).

Vanquished Creatures
  2 hornets
  Eustachio (D:6)
  A steam dragon (D:8)
  A water moccasin (D:6)
  Duvessa (D:6)
  An ogre (D:6)
  A kobold brigand (D:8)
  Blork the orc (D:6)
  3 scorpions
  A wight (D:8)
  3 howler monkeys
  3 electric eels (D:3)
  2 hounds (D:5)
  An orc priest (D:8)
  2 iguanas
  An orc wizard (D:8)
  A gnoll (D:8)
  An ufetubus (D:6)
  A dart slug (D:1)
  6 orcs
  5 endoplasms
  2 giant cockroaches
  3 hobgoblins (D:1)
  3 kobolds
  A quokka (D:1)
  2 ball pythons (D:2)
  A frilled lizard (D:1)
  2 goblins
  2 rats (D:1)
55 creatures vanquished.

Vanquished Creatures (collateral kills)
  A black bear (D:5)
  2 ice beasts
  An ogre (D:7)
  A scorpion (D:5)
  Dowan (D:6)
  2 jellies (D:6)
  2 hounds
  An iguana (D:5)
  2 adders
  2 gnolls (D:8)
  An ufetubus (D:6)
  A ribbon worm (D:2)
  9 orcs
  A ball python (D:4)
  5 endoplasms
  A giant cockroach (D:1)
  A goblin (D:1)
  2 hobgoblins (D:1)
  3 jackals (D:4)
  A quokka (D:2)
  A bat (D:1)
  2 frilled lizards
  4 kobolds
  5 rats
52 creatures vanquished.

Vanquished Creatures (others)
  A sleepcap (D:5)
1 creature vanquished.

Grand Total: 108 creatures vanquished

Notes
Turn   | Place    | Note
-------+----------+-------------------------------------------
     0 | D:1      | Khashishi the Ghoul Summoner began the quest for the Orb.
     0 | D:1      | Reached XP level 1. HP: 14/14 MP: 3/3
    98 | D:1      | Found Parait's Jewellery Shop.
   266 | D:1      | Reached skill level 4 in Summonings
   266 | D:1      | Reached XP level 2. HP: 15/20 MP: 0/4
   279 | D:1      | Learned a level 2 spell: Call Imp
   523 | D:1      | Found a faded altar of an unknown god.
   534 | D:1      | Reached XP level 3. HP: 25/26 MP: 1/5
  1528 | D:3      | Reached XP level 4. HP: 24/33 MP: 3/7
  1532 | D:3      | Learned a level 3 spell: Call Canine Familiar
  1534 | D:3      | Found a transporter.
  1676 | D:3      | Found a burning altar of Makhleb.
  1781 | D:3      | Found a transporter.
  1807 | D:3      | Reached skill level 1 in Evocations
  1986 | D:3      | Reached XP level 5. HP: 23/38 MP: 5/8
  2052 | D:3      | Reached skill level 5 in Summonings
  2182 | D:4      | Found a staircase to the Ecumenical Temple.
  2245 | Temple   | Entered the Ecumenical Temple
  2254 | Temple   | Became a worshipper of Fedhas Madash
  2423 | D:5      | Entered Level 5 of the Dungeon
  2452 | D:5      | Reached XP level 6. HP: 32/45 MP: 2/9
  2577 | D:4      | Reached skill level 6 in Summonings
  3202 | D:6      | Noticed an ice beast
  3212 | D:6      | Killed an ice beast
  3213 | D:6      | Reached XP level 7. HP: 46/50 MP: 5/10
  3407 | D:5      | Reached skill level 1 in Fighting
  3462 | D:5      | Reached skill level 7 in Summonings
  3550 | D:5      | Reached * piety under Fedhas
  3660 | D:5      | Reached XP level 8. HP: 56/61 MP: 6/11
  3810 | D:6      | Noticed Dowan
  3816 | D:6      | Noticed Duvessa
  3821 | D:6      | Reached skill level 1 in Invocations
  3825 | D:6      | Killed Duvessa
  3830 | D:6      | Killed Dowan
  3888 | D:6      | Noticed Maggie
  3923 | D:6      | Noticed Blork the orc
  3933 | D:6      | Killed Blork the orc
  4093 | D:6      | Reached skill level 1 in Short Blades
  4094 | D:6      | Noticed Eustachio
  4101 | D:6      | Killed Eustachio
  4102 | D:6      | Reached skill level 1 in Armour
  4119 | D:6      | Found a basalt altar of Yredelemnul.
  4422 | D:7      | Noticed a hornet
  4435 | D:7      | Killed a hornet
  4436 | D:7      | Reached XP level 9. HP: 47/71 MP: 4/12
  4519 | D:7      | Found a shimmering blue altar of Sif Muna.
  4651 | D:8      | Reached ** piety under Fedhas
  4659 | D:8      | Noticed a hornet
  4662 | D:8      | Killed a hornet
  4675 | D:8      | Slain by a vampire mosquito

Illustrated notes

Levels and vault maps discovered:
D:1:      minmay_arrival_loop, layout_basic, serial_shops, shop,
          shapermc_ecumenical_altar_notcrosses
D:2:      layout_basic
D:3:      gammafunk_steamed_eel, layout_loops_ring,
          mainiacjoe_overflow_alcove_1, chequers_avenue,
          hangedman_decor_riveting
D:4:      layout_layer_cave, minmay_temple_entry_crystal_x
D:5:      layout_basic
D:6:      layout_loops_ring, mainiacjoe_overflow_alcove_2, uniq_eustachio,
          uniq_blork_the_orc, uniq_maggie, uniq_duvessa
D:7:      minmay_the_grid_octo_2x2 [minmay_the_grid_octo_horde,
          minmay_the_grid_octo_clover_2, minmay_the_grid_octo_fat_diamond,
          minmay_the_grid_octo_prize_single_spiral], layout_loops_ring,
          amcnicky_altar_gilded
D:8:      layout_basic, enter_bailey_5, chequers_hall_statues_corner_a,
          serial_bayou_pond_e, minmay_joined_circles
Temple:   compressed_dpeg_triangle_lava_temple

Skill      XL: |  1  2  3  4  5  6  7  8  9 |
---------------+----------------------------+-----
Summonings     | 4 5 6 7 |  7.8
Spellcasting   | 2 3 |  3.0
Evocations     | 2 3 4 |  4.0
Stealth        | 3 |  3.5
Dodging        | 2 3 4 |  4.1
Fighting       | 2 3 4 |  4.0
Invocations    | 3 |  3.6
Short Blades   | 1 2 |  2.4
Armour         | 1 2 |  2.3

Action                     |  1- 3 |  4- 6 |  7- 9 || total
---------------------------+-------+-------+-------++-------
  Melee: Unarmed           |    82 |    22 |       ||   104
         Scimitar          |       |    22 |    25 ||    47
         Short sword       |       |       |    46 ||    46
   Cast: Summon Small Mamm |    21 |    12 |    11 ||    44
         Call Imp          |    20 |    13 |    18 ||    51
         Call Canine Famil |       |    10 |    20 ||    30
  Evoke: Wand              |       |     6 |     9 ||    15
    Use: Scroll            |       |       |     1 ||     1
         Potion            |       |       |     1 ||     1
   Stab: Sleeping          |     3 |       |       ||     3
         Distracted        |     2 |     2 |     3 ||     7
 Armour: Robe              |    56 |    35 |    35 ||   126
         Leather armour    |       |       |    25 ||    25
  Dodge: Dodged            |    31 |    33 |    83 ||   147
  Block: Buckler           |       |     1 |    23 ||    24
